 Dungeon Crawl Stone Soup version 0.25-a0-364-ge76b031 (webtiles) character file.

Game seed: 16722433180849738526, levelgen mode: deterministic

1813 Birdy the Cleaver (level 9, -9/61 HPs)
             Began as a Formicid Gladiator on Jan 5, 2020.
             Was an Initiate of Wu Jian.
             Mangled by an angel
             ... wielding a +2 sacred scourge of holy wrath
              (20 damage)
             ... on level 1 of the Abyss.
             The game lasted 00:12:52 (7073 turns).

Birdy the Cleaver (Formicid Gladiator)              Turns: 7073, Time: 00:12:52

Health: -9/61      AC: 10    Str: 23    XL:     9   Next: 31%
Magic:  9/9        EV: 12    Int:  9    God:    Wu Jian [......]
Gold:   220        SH:  0    Dex: 15    Spells: 8/8 levels left

rFire    . . .     SeeInvis +   a - +0 war axe
rCold    + . .     Gourm    .   (no shield)
rNeg     . . .     Faith    .   f - +1 ring mail
rPois    .         Spirit   .   (helmet unavailable)
rElec    .         Reflect  .   q - +0 cloak
rCorr    .         Harm     .   l - +0 pair of gloves
MR       .....                  (no boots)
Stlth    +.........             (no amulet)
HPRegen  0.20/turn              h - +2 ring of protection
MPRegen  0.11/turn              r - ring of protection from cold

@: mighty, glowing
A: permanent stasis, dig shafts and tunnels, four strong arms, antennae 3
a: Dig, Shaft Self, Renounce Religion


You were on level 1 of the Abyss.
You worshipped Wu Jian.
Wu Jian was noncommittal.
You were not hungry.

You visited 2 branches of the dungeon, and saw 7 of its levels.
You visited the Abyss 1 time.

You collected 220 gold pieces.

Inventory:

Hand Weapons
 a - a +0 war axe (weapon)
Missiles
 c - 3 throwing nets (quivered)
 m - 7 boomerangs
Armour
 b - a +0 leather armour
 f - a +1 ring mail (worn)
 l - a +0 pair of gloves (worn)
 q - a +0 cloak (worn)
 s - a +2 leather armour of fire resistance
Jewellery
 h - a +2 ring of protection (left hand)
 r - a ring of protection from cold (right hand)
Wands
 k - a wand of paralysis (6)
 o - a wand of flame (8)
Scrolls
 e - a scroll of enchant weapon
 g - 2 scrolls of amnesia
 p - a scroll of remove curse
 t - a scroll of identify
 u - a scroll of enchant armour
 v - a scroll of holy word
Potions
 i - 6 potions of curing
 j - a potion of cancellation
 n - a potion of might
Comestibles
 d - 5 rations


   Skills:
 - Level 2.1 Fighting
 + Level 11.6 Axes
 - Level 2.0 Throwing
 - Level 2.6 Dodging


You had 8 spell levels left.
You didn't know any spells.
Your spell library contained the following spells:

 Spells                   Type           Power        Failure   Level  Hunger
 Animate Skeleton         Necr           N/A          54%         1    ##.....
 Apportation              Tloc           #.....       54%         1    ##.....
 Confusing Touch          Hex            #.....       54%         1    ##.....
 Summon Small Mammal      Summ           #...         54%         1    ##.....


Dungeon Overview and Level Annotations

Branches:
Dungeon (6/15)             Temple (1/1) D:5

Altars:
Ashenzari
Cheibriados
Dithmenos
Elyvilon
Gozag
Hepliaklqana
Kikubaaqudgha
Makhleb
Nemelex Xobeh
Okawaru
Qazlal
Ru
Sif Muna
Trog
Uskayaw
Vehumet
Wu Jian
Xom
Yredelemnul
Zin
The Shining One

Shops:
D:5 (


Innate Abilities, Weirdness & Mutations

You cannot be hasted, slowed, berserked, paralysed or teleported.
You can dig through walls and to a lower floor.
Your four strong arms can wield two-handed weapons with a shield.
You have a pair of large antennae on your head. (SInv)


Message History

Okay, then.
Okay, then.
Okay, then.
A small abomination comes into view.
Press: ? - help, v - describe, . - travel
Here: an angel, wielding a +2 sacred scourge of holy wrath and wearing a +0 robe (haloed)
The floor.
The angel hits you with a +2 sacred scourge of holy wrath.
The angel hits you but does no damage. The small abomination hits you!!
Unknown command.
You feel very mighty all of a sudden.
The angel hits you with a +2 sacred scourge of holy wrath!!
The angel barely misses you.
The angel hits you with a +2 sacred scourge of holy wrath!
* * * LOW HITPOINT WARNING * * *
The angel hits you but does no damage.
Okay, then.
You closely miss the angel.
The angel hits you with a +2 sacred scourge of holy wrath!!
You die...

##..#{ #. #..#
.#. . #.....##
. ###. #.# .#
#.###..##.###
..###.#.......
##.
#...#x.#... #
###.A### .
##.@# #..#..#
#.#.#...# #
.#..#.# ..
##... ## .###
##


You could see an angel.

Vanquished Creatures
  Sigmund (D:2)
  Duvessa (D:5)
  An ice beast (D:6)
  2 ogres
  A phantom (D:3)
  A centaur (D:6)
  A bullfrog (D:6)
  Dowan (D:5)
  A small abomination (Abyss:1)
  6 scorpions (D:5)
  A centaur zombie (D:6)
  A hound (D:5)
  An orc priest (D:4)
  4 orc wizards
  An iguana (D:4)
  2 worker ants
  A hound skeleton (D:4)
  A mummy (D:5)
  A howler monkey zombie (D:6)
  Robin (D:4)
  A howler monkey skeleton (D:6)
  3 gnolls (D:3)
  15 adders
  2 shadow imps
  2 worms
  5 leopard geckos
  24 orcs
  5 giant cockroaches
  11 goblins
  19 hobgoblins
  2 jackals (D:4)
  8 kobolds
  3 quokkas
  14 bats
  5 frilled lizards
  A jackal skeleton (D:4)
  A leopard gecko skeleton (D:4)
  11 rats
162 creatures vanquished.

Notes
Turn   | Place    | Note
-------+----------+-------------------------------------------
     0 | D:1      | Birdy the Formicid Gladiator began the quest for the Orb.
     0 | D:1      | Reached XP level 1. HP: 16/16 MP: 1/1
   340 | D:1      | Reached XP level 2. HP: 12/22 MP: 2/2
  1242 | D:1      | Reached skill level 4 in Axes
  1242 | D:1      | Reached XP level 3. HP: 24/27 MP: 3/3
  1256 | D:1      | Found a shattered altar of Ashenzari.
  1435 | D:2      | Noticed Sigmund
  1453 | D:2      | You fall into a shaft and drop 1 floor!
  1753 | D:2      | Reached XP level 4. HP: 31/33 MP: 4/4
  1855 | D:2      | Found a faded altar of an unknown god.
  1885 | D:2      | Reached skill level 5 in Axes
  2162 | D:2      | Killed Sigmund
  2162 | D:2      | Reached skill level 6 in Axes
  2162 | D:2      | Reached XP level 5. HP: 28/38 MP: 5/5
  2162 | D:2      | Reached XP level 6. HP: 33/44 MP: 6/6
  3162 | D:3      | Noticed a phantom
  3176 | D:3      | Reached skill level 7 in Axes
  3184 | D:3      | Killed a phantom
  3184 | D:3      | Reached XP level 7. HP: 44/50 MP: 7/7
  3976 | D:4      | Reached skill level 8 in Axes
  4091 | D:4      | Noticed Robin
  4119 | D:4      | Killed Robin
  4731 | D:4      | Reached XP level 8. HP: 56/56 MP: 8/8
  4910 | D:5      | Entered Level 5 of the Dungeon
  5018 | D:5      | Noticed Duvessa
  5018 | D:5      | Noticed Dowan
  5030 | D:5      | Killed Duvessa
  5030 | D:5      | Reached skill level 9 in Axes
  5032 | D:5      | Killed Dowan
  5267 | D:5      | Found Meurear's Weapon Boutique.
  5342 | D:5      | Reached skill level 10 in Axes
  5484 | D:5      | Found a staircase to the Ecumenical Temple.
  5542 | Temple   | Entered the Ecumenical Temple
  5607 | Temple   | Became a worshipper of the Wu Jian Council
  6399 | D:6      | Reached XP level 9. HP: 59/61 MP: 9/9
  6418 | D:6      | Reached skill level 11 in Axes
  6871 | D:6      | Cast into level 1 of the Abyss (orc)
  6876 | Abyss:1  | Found a roughly hewn altar of Beogh.
  6911 | Abyss:1  | Noticed a large abomination
  7061 | Abyss:1  | Noticed an angel
  7073 | Abyss:1  | Mangled by an angel

Levels and vault maps discovered:
D:1:      wander_arrival_peaceful_grave, layout_loops_ring,
          hangedman_decor_growths, nicolae_ashenzari_panopticon
D:2:      layout_rooms, chequers_ecumenical_altar_simple_redux, uniq_sigmund
D:3:      layout_basic, first_ration, kennysheep_generic_room_6
D:4:      layout_basic, uniq_robin
D:5:      old_forge, layout_gridville, minmay_temple_entry_mist,
          gup_ossuary_entry_pyramid, serial_shops, shop, grunt_ministairs_7,
          minmay_misc_feat_tiny, uniq_duvessa
D:6:      minmay_razor_zed, layout_rooms, basic_altar, minmay_crystal_room
Temple:   regret_index_temple_sigil_plot
Abyss:1:  base: D:6, evilmike_abyss_exit_kraken

Skill      XL: |  1  2  3  4  5  6  7  8  9 |
---------------+----------------------------+-----
Axes           | 4 6 7 8 10 11 | 11.6
Fighting       | |  2.1
Throwing       | |  2.0
Dodging        | |  2.6

Action                   |  1- 3 |  4- 6 |  7- 9 || total
-------------------------+-------+-------+-------++-------
Melee: War axe           |    87 |   107 |   331 ||   525
Throw: Throwing net      |       |     1 |     1 ||     2
Invok: Lunge             |       |       |     4 ||     4
 Abil: Shaft Self        |     1 |       |       ||     1
       Dig               |       |       |     1 ||     1
Evoke: Wand              |       |     5 |     4 ||     9
  Use: Potion            |     1 |       |     4 ||     5
       Scroll            |     5 |     3 |     5 ||    13
 Stab: Sleeping          |     1 |       |       ||     1
  Eat: Chunk             |     3 |     5 |     9 ||    17
       Ration            |       |       |     1 ||     1
Armor: Leather armour    |     7 |       |       ||     7
       Ring mail         |    28 |    54 |   119 ||   201
Dodge: Dodged            |    61 |    80 |   175 ||   316

Table legend:
 A = Non-vault XP
 B = Vault XP
 C = Vault XP percentage of total XP
 D = Non-vault monster count
 E = Vault monster count
 F = Vault count percentage of total count
                 A         B        C        D         E       F
            +---------+---------+-------+---------+---------+-------
      Total |    1616 |     974 |  37.6 |     124 |      38 |  23.5
            +---------+---------+-------+---------+---------+-------
        D:1 |      31 |       0 |   0.0 |      18 |       0 |   0.0
        D:2 |     106 |     223 |  67.8 |      25 |       1 |   3.8
        D:3 |     223 |       6 |   2.6 |      22 |       3 |  12.0
        D:4 |     384 |      39 |   9.2 |      28 |      13 |  31.7
        D:5 |     252 |     706 |  73.7 |      13 |      21 |  61.8
        D:6 |     542 |       0 |   0.0 |      17 |       0 |   0.0
    Abyss:1 |      78 |       0 |   0.0 |       1 |       0 |   0.0
            +---------+---------+-------+---------+---------+-------
